AoeStats
← PABLO ESCOBAR GAVIRIA

Four Lakes

509707416Analyzed
1v1 RM · 5d ago on Sep 27, 2026· 34m 38s· 2 players
Game mode
Random Map
Map size
Tiny (2 player)
Population
200
Speed
Normal
Resources
Standard
Victory
Conquest
Starting age
Dark Age
Ending age
Imperial Age
RankedLock teamsTeams togetherTeam positionsShared explorationLock speedFull tech treeHidden civsTurbo modeCheats
Victory
Defeat
🇵🇪 Dravidians · Peru
918
+17
🇫🇷 Japanese · France
946
-17
APOLO
13:02 Feudal Age
13:43 Double-Bit Axe
16:34 Fishing Lines
20:42 Castle Age
19:26 Fletching
19:36 Padded Archer Armor
22:02 Bow Saw
21:44 Gold Mining
22:01 Gillnets
23:50 Wheelbarrow
24:19 Leather Archer Armor
24:00 Bodkin Arrow
24:04 Loom
25:37 Ballistics
25:38 Thumb Ring
30:41 Husbandry
30:59 Town Watch
31:29 Hand Cart
36:33 Imperial Age
PABLO ESCOBAR GAVIRIA
3:13 Loom
3:23 Loom
11:16 Feudal Age
11:45 Double-Bit Axe
16:33 Gold Mining
23:35 Castle Age
23:18 Scale Barding Armor
23:37 Stone Mining
33:37 Bow Saw
33:35 Pikeman
Connection lost

Rejoining the realm…

Still unreachable

The connection could not be restored.

Session expired

The server has moved on; the page needs a fresh start.